AoeStats
← SlowBoy

Arabia

507402536Analyzed
1v1 RM · 14d ago on Sep 18, 2026· 49m 12s· 2 players
Game mode
Random Map
Map size
Tiny (2 player)
Population
200
Speed
Normal
Resources
Standard
Victory
Conquest
Starting age
Dark Age
Ending age
Imperial Age
RankedLock teamsTeams togetherTeam positionsShared explorationLock speedFull tech treeHidden civsTurbo modeCheats
Victory
Defeat
🇧🇷 Vietnamese · Brazil
1746
+14
🇩🇪 Turks · Germany
1702
-14
Schwenkii
7:32 Loom
9:51 Feudal Age
12:32 Scale Mail Armor
12:46 Scale Barding Armor
20:44 Castle Age
20:02 Double-Bit Axe
21:22 Bloodlines
22:14 Chain Barding Armor
22:44 Chain Barding Armor
23:16 Husbandry
30:36 Forging
33:15 Redemption
38:51 Imperial Age
39:34 Bow Saw
39:13 Horse Collar
40:14 Plate Barding Armor
44:29 Iron Casting
SlowBoy
5:59 Loom
9:16 Feudal Age
9:45 Double-Bit Axe
11:27 Horse Collar
20:46 Castle Age
19:22 Gold Mining
19:45 Fletching
20:29 Padded Archer Armor
20:48 Crossbowman
22:21 Bodkin Arrow
25:06 Bow Saw
26:33 Ballistics
27:01 Leather Archer Armor
27:19 Heavy Plow
27:55 Wheelbarrow
27:37 Town Watch
29:08 Stone Mining
31:31 Scale Mail Armor
31:41 Forging
31:33 Pikeman
32:13 Squires
33:25 Chain Mail Armor
37:16 Thumb Ring
38:38 Hand Cart
41:37 Imperial Age
39:30 Hand Cart
40:36 Scale Barding Armor
41:06 Iron Casting
41:53 Bloodlines
41:43 Husbandry
41:04 Light Cavalry
42:07 Chain Barding Armor
42:27 Bracer
43:34 Chemistry
43:55 Two-Man Saw
43:40 Ring Archer Armor
44:13 Chain Barding Armor
46:08 Arbalester
47:47 Crop Rotation
50:23 Plate Barding Armor
Connection lost

Rejoining the realm…

Still unreachable

The connection could not be restored.

Session expired

The server has moved on; the page needs a fresh start.